 Dungeon Crawl Stone Soup version 0.27-a0-1416-g941b2bd30b (webtiles) character file.

Game seed: 9823088828721671004

210473 lunkers the Devastator (level 18, -5/110 HPs)
             Began as a Deep Elf Air Elementalist on July 1, 2021.
             Was the Champion of Vehumet.
             Slain by a ghoul (18 damage)
             ... on level 4 of the Lair of Beasts.
             The game lasted 01:40:46 (47262 turns).

lunkers the Devastator (Deep Elf Air Elementalist) Turns: 47262, Time: 01:40:47

Health: -5/110     AC: 23    Str:  5    XL:     18   Next: 18%
Magic:  36/50      EV: 12    Int: 29    God:    Vehumet [******]
Gold:   2586       SH:  5    Dex: 15    Spells: 6/52 levels left

rFire    + . .     SeeInvis .   J - staff of air
rCold    . . .     Faith    .   t - +0 buckler
rNeg     . . .     Spirit   .   L - +3 steam dragon scales
rPois    .         Reflect  .   S - +2 hat {Stlth+}
rElec    +         Harm     .   N - +2 cloak
rCorr    .         Rampage  .   f - +2 pair of gloves {Stlth+}
Will     +....                  q - +2 pair of boots
Stlth    ++++++....             l - amulet of Luahuaz {rF+ Regen+}
HPRegen  1.28/turn              u - +4 ring of protection
MPRegen  0.32/turn              O - ring "Sobbel" {Fly MP+9}

@: lethally poisoned (-5 -> -51), flying
A: no striking features
}: 1/15 runes: serpentine
a: Renounce Religion


You were on level 4 of the Lair of Beasts.
You worshipped Vehumet.
Vehumet was exalted by your worship.
You visited 7 branches of the dungeon, and saw 29 of its levels.
You visited 1 bazaar.
You also visited: Ossuary, Bailey, Gauntlet and Ice Cave.

You collected 3477 gold pieces.
You spent 891 gold pieces at shops.

Inventory:

Hand Weapons
 I - the +5 mace "Uhuryoxa" {flame, rN+++ rCorr Int+3 Stlth-}
   (You bought it in a shop on level 2 of the Orcish Mines)

   It has been specially enchanted to burn those struck by it, causing extra
   injury to most foes and up to half again as much damage against particularly
   susceptible opponents.
   Int:       It affects your intelligence (+3).
   rN:        It renders you almost immune to negative energy.
   rCorr:     It protects you from acid and corrosion.
   Stlth:     It makes you less stealthy.
Missiles
 F - 7 boomerangs of dispersal (quivered)
Armour
 b - a +1 kite shield of protection
 f - a +2 pair of gloves of stealth (worn)
 q - a +2 pair of boots (worn)
 t - a +0 buckler (worn)
 L - +3 steam dragon scales (worn)
 N - a +2 cloak (worn)
 S - a +2 hat of stealth (worn)
Magical Staves
 J - a staff of air (weapon)
Jewellery
 l - the amulet of Luahuaz (around neck) {rF+ Regen+}
   (You found it in a Gauntlet)

   [amulet of regeneration]

   rF:        It protects you from fire.
   Regen:     It increases your rate of health regeneration.
 u - a +4 ring of protection (left hand)
 v - a ring of protection from fire
 B - a +4 ring of protection
 O - the ring "Sobbel" (right hand) {Fly MP+9}
   (You found it in an ice cave)

   [ring of magical power]

   MP:        It affects your magic capacity (+9).
   Fly:       It grants you flight.
 Q - a ring of protection from cold
 T - a ring of willpower
 U - a +4 ring of evasion
 V - a +4 ring of evasion
 W - a +4 ring of protection
 Y - a ring of positive energy
Wands
 e - a wand of flame (95)
 n - a wand of acid (31)
 s - a wand of digging (14)
 x - a wand of charming (14)
 E - a wand of iceblast (15)
 H - a wand of paralysis (38)
Scrolls
 h - 7 scrolls of teleportation
 i - 10 scrolls of enchant weapon
 k - a scroll of fear
 m - 7 scrolls of magic mapping
 o - 2 scrolls of holy word
 y - 2 scrolls of amnesia
 C - 4 scrolls of fog
 R - 7 scrolls of identify
Potions
 a - a potion of berserk rage
 c - 12 potions of heal wounds
 d - 17 potions of curing
 g - 5 potions of might
 j - 5 potions of lignification
 p - 5 potions of brilliance
 r - 2 potions of attraction
 w - 12 potions of ambrosia
 z - 3 potions of haste
 A - 2 potions of resistance
 G - 2 potions of mutation
 K - 5 potions of flight
 M - 2 potions of cancellation
 P - a potion of invisibility
 Z - a potion of magic


   Skills:
 + Level 11.4 Fighting
 - Level 2.4 Dodging
 - Level 8.0 Stealth
 - Level 4.0 Shields
 + Level 17.8 Spellcasting
 * Level 19.4 Conjurations
 - Level 6.0 Summonings
 - Level 6.0 Necromancy
 * Level 16.6 Air Magic


You had 6 spell levels left.
You knew the following spells:

 Your Spells              Type           Power      Damage    Failure   Level
a - Airstrike             Air            55%        N/A       0%          4
b - Static Discharge      Conj/Air       100%       N/A       0%          2
c - Swiftness             Air            100%       N/A       0%          3
d - Summon Lightning Spi  Summ/Air       95%        N/A       1%          4
e - Maxwell's Capacitive  Air            55%        ∞         3%          8
f - Orb of Destruction    Conj           47%        9d15      1%          7
g - Freezing Cloud        Conj/Ice/Air   48%        6-21      1%          5
h - Spellforged Servitor  Conj/Summ      39%        N/A       2%          7
i - Passwall              Tmut/Erth      20%        N/A       2%          2
j - Blink                 Tloc           N/A        N/A       2%          2
k - Sublimation of Blood  Necr           28%        N/A       1%          2

Your spell library contained the following spells:

 Spells                   Type           Power      Damage    Failure   Level
 Conjure Ball Lightning   Conj/Air       57%        3x3d21    1%          6
 Magic Dart               Conj           100%       1d8       0%          1
 Shock                    Conj/Air       100%       1d9       0%          1
 Searing Ray              Conj           100%       3d7       0%          2
 Animate Skeleton         Necr           100%       N/A       1%          1
 Apportation              Tloc           50%        N/A       1%          1
 Corona                   Hex            27%        N/A       1%          1
 Freeze                   Ice            100%       1d11      1%          1
 Pain                     Necr           100%       1d9       1%          1
 Sandblast                Erth           50%        2d12      1%          1
 Sting                    Tmut/Pois      100%       1d8       1%          1
 Summon Small Mammal      Summ           100%       N/A       1%          1
 Corpse Rot               Necr/Air       N/A        N/A       1%          2
 Poisonous Vapours        Pois/Air       100%       N/A       1%          2
 Call Canine Familiar     Summ           57%        N/A       1%          3
 Frozen Ramparts          Ice            50%        1d7       1%          3
 Ignite Poison            Fire/Tmut/Pois 25%        N/A       1%          3
 Mephitic Cloud           Conj/Pois/Air  97%        N/A       1%          3
 Stone Arrow              Conj/Erth      100%       3d13      1%          3
 Summon Guardian Golem    Hex/Summ       43%        N/A       1%          3
 Vampiric Draining        Necr           28%        2d10      1%          3
 Animate Dead             Necr           28%        N/A       1%          4
 Dispel Undead            Necr           57%        3d20      1%          4
 Fulminant Prism          Conj/Hex       35%        3d18      1%          4
 Hailstorm                Conj/Ice       70%        3d15      1%          4
 Iskenderun's Mystic Bla  Conj/Tloc      70%        2d14      1%          4
 Bolt of Magma            Conj/Fire/Erth 29%        4d13      1%          5
 Irradiate                Conj/Tmut      35%        3d25      1%          5
 Lightning Bolt           Conj/Air       57%        1d79      1%          5
 Silence                  Hex/Air        42%        N/A       1%          5
 Starburst                Conj/Fire      35%        8x6d10    1%          6
 Ensorcelled Hibernation  Hex/Ice        50%        N/A       2%          2
 Slow                     Hex            25%        N/A       2%          2
 Gell's Gravitas          Tloc           12%        N/A       4%          3
 Lesser Beckoning         Tloc           12%        N/A       4%          3
 Ozocubu's Armour         Ice            25%        N/A       4%          3
 Portal Projectile        Hex/Tloc       50%        N/A       4%          3
 Spider Form              Tmut/Pois      12%        N/A       4%          3
 Teleport Other           Tloc           25%        N/A       4%          3
 Tukima's Dance           Hex            25%        N/A       4%          3
 Olgreb's Toxic Radiance  Pois           25%        N/A       4%          4
 Summon Ice Beast         Ice/Summ       43%        N/A       4%          4
 Agony                    Necr           57%        N/A       4%          5
 Excruciating Wounds      Necr           28%        N/A       4%          5
 Lee's Rapid Deconstruct  Erth           12%        3d10*     13%         5
 Borgnjor's Vile Clutch   Necr/Erth      21%        N/A       14%         5
 Summon Forest            Summ/Tloc      21%        N/A       14%         5
 Summon Mana Viper        Hex/Summ       43%        N/A       14%         5
 Cause Fear               Hex            12%        N/A       17%         4
 Ice Form                 Ice/Tmut       25%        N/A       17%         4
 Leda's Liquefaction      Hex/Erth       12%        N/A       17%         4
 Passage of Golubria      Tloc           N/A        N/A       17%         4
 Petrify                  Tmut/Erth      25%        N/A       17%         4
 Death Channel            Necr           28%        N/A       22%         6
 Shadow Creatures         Summ           N/A        N/A       22%         6
 Blade Hands              Tmut           12%        N/A       43%         5
 Manifold Assault         Tloc           25%        N/A       43%         5
 Eringya's Noxious Bog    Tmut/Pois      12%        N/A       52%         6
 Simulacrum               Ice/Necr       21%        N/A       58%         6
 Dispersal                Tloc           12%        N/A       95%         6
 Statue Form              Tmut/Erth      16%        N/A       95%         6
 Chain Lightning          Conj/Air       57%        3d76      26%         9
 Storm Form               Tmut/Air       42%        N/A       43%         7
 Lehudib's Crystal Spear  Conj/Erth      35%        10d9      45%         8
 Haunt                    Necr/Summ      28%        N/A       77%         7
 Monstrous Menagerie      Summ           28%        N/A       77%         7
 Summon Hydra             Summ           28%        N/A       77%         7
 Ozocubu's Refrigeration  Ice            12%        4d7       96%         7
 Malign Gateway           Summ/Tloc      21%        N/A       99%         7
 Fire Storm               Conj/Fire      35%        8d9       99%         9
 Dragon Form              Tmut           12%        N/A       100%        7
 Borgnjor's Revivificati  Necr           28%        N/A       100%        8
 Ignition                 Fire           12%        3d6       100%        8
 Dragon's Call            Summ           28%        N/A       100%        9
 Polar Vortex             Ice            12%        N/A       100%        9


Dungeon Overview and Level Annotations

Branches:
Dungeon (14/15)            Temple (1/1) D:6            Lair (6/6) D:10
  Swamp (1/4) Lair:4        Snake (4/4) Lair:3        Slime (0/5) Lair:6
    Orc (2/2) D:12            Elf (0/3) Orc:2        Vaults (1/5) D:13
Ossuary (visited)          Bailey (visited)           IceCv (visited)
Gauntlet (visited)

Altars:
Ashenzari
Cheibriados
Dithmenos
Elyvilon
Fedhas
Gozag
Hepliaklqana
Kikubaaqudgha
Makhleb
Nemelex Xobeh
Okawaru
Qazlal
Ru
Sif Muna
Trog
Uskayaw
Vehumet
Wu Jian
Xom
Yredelemnul
Zin
The Shining One
Beogh

Shops:
D:6 (   D:9 (   D:13 *   Orc:2 *([*   Snake:3 *   Snake:4 **

Portals:
Trove: D:13 (give 7 scrolls of fog)

Annotations:
D:6 2 transporters, mojowtm's ghost, amateur TeAE
Snake:3 1 transporter


Message History

The ghoul claws you but does no damage.
The swamp dragon breathes poison at you.
The blast of poison engulfs you.
You are poisoned.
The ghoul completely misses you. You block the ghoul's attack.
You are engulfed in poison gas.
You are more poisoned.
You feel very sick. The swamp dragon barely misses you.
The swamp dragon claws you but does no damage.
The swamp dragon barely misses you. The ghoul claws you but does no damage.
The ghoul claws you.
The electricity discharges through the swamp dragon!
The swamp dragon vapourizes in an electric haze!
You kill the swamp dragon!
Vehumet accepts your kill.
You are engulfed in poison gas.
You are more poisoned.
You feel very sick.
Casting: Maxwell's Capacitive Coupling (dangerous; 3% risk of failure)
Confirm with . or Enter, or press ? or * to list all spells.
Casting: Maxwell's Capacitive Coupling (dangerous; 3% risk of failure)
Press: ? - help, Dir - look around, f - activate You feel a surge of power!
You begin accumulating electric charge. (Press . to continue charging.)
You are engulfed in poison gas.
You are more poisoned.
You feel extremely sick. The ghoul closely misses you.
The ghoul splashes around in the water.
You are engulfed in poison gas.
You are more poisoned.
* * * LOW HITPOINT WARNING * * *
* * * LOW HITPOINT WARNING * * *
You feel extremely sick. The ghoul completely misses you.
The ghoul barely misses you.
You are engulfed in poison gas.
You are more poisoned.
* * * LOW HITPOINT WARNING * * *
* * * LOW HITPOINT WARNING * * *
You feel extremely sick. The ghoul claws you!!
You die...

###(.....##.......##
###.....#(....:.P#
##.............##
##.....°...<†#.# ###
#####...°°°...###
###P####..#...♣♣.♣♣..#
.#....##..>..♣♣≈°≈♣♣.##
...........>.♣♣≈≈§§♣..#
.............♣°§@≈≈♣.##
.............♣§§n≈♣♣.####
........(....♣♣♣§§♣♣.#..#
.........)....♣♣♣♣♣...###
...........##...........#
#(############..#...P..###
### ###.####...P# ###
##...## ### #PP=.###.#


You could see a ghoul.

Vanquished Creatures
  The ghost of Pooter the Severer, an adept MiBe of Trog (Snake:4)
  Jorgrun (Orc:2)
  Gastronok (Lair:2)
  Kirke (D:13)
  Donald (Snake:1)
  Roxanne (Snake:1)
  8 nagarajas
  2 orc warlords (Orc:2)
  A ghoul (Lair:4)
  A white draconian (IceCv)
  Nessos (Lair:6)
  Snorg (Lair:3)
  A fire dragon (Lair:6)
  4 boulder beetles
  A salamander tyrant (Snake:4)
  21 naga warriors
  Erolcha (Orc:2)
  A vault guard (D:13)
  2 catoblepae
  4 hydras
  7 centaur warriors
  9 anacondas
  A tengu warrior (D:13)
  An alligator (Lair:4)
  7 death yaks
  Urug (Lair:3)
  5 shock serpents
  4 orc high priests
  2 two-headed ogres (D:12)
  20 naga sharpshooters
  10 salamander mystics
  A skeletal warrior (D:14)
  A fire crab (Lair:5)
  A swamp dragon (Lair:4)
  6 naga ritualists
  A bog body (Lair:4)
  An obsidian statue (Snake:4)
  3 deep elf pyromancers
  A deep elf zephyrmancer (D:6)
  14 mana vipers
  3 orc knights
  5 ugly things
  5 oklob plants
  A manticore (D:12)
  A wolf spider (Lair:6)
  An orc sorcerer (Orc:2)
  A cyclops (D:9)
  5 elephants
  23 salamanders
  10 guardian serpents
  An ice statue (IceCv)
  51 black mambas
  18 naga magi
  2 gargoyles
  13 cane toads
  An efreet (D:14)
  2 torpor snails (Lair:6)
  2 rime drakes
  8 komodo dragons
  A redback zombie (D:14)
  A freezing wraith (D:14)
  2 ice devils (Lair:2)
  4 trolls
  3 tyrant leeches (Lair:4)
  A guardian mummy (D:14)
  7 hornets
  14 polar bears
  A queen bee (D:11)
  A raiju (Lair:6)
  A dream sheep (Lair:3)
  Grinder (D:4)
  11 blink frogs
  3 flying skulls (Gauntlet)
  4 shadows (Gauntlet)
  3 vampires
  6 wyverns
  3 basilisks
  A ynoxinul (Gauntlet)
  A wraith (D:9)
  Sigmund (D:3)
  64 yaks
  11 humans (D:13)
  A steam dragon (D:10)
  A vampire mosquito (D:9)
  4 hogs
  68 nagas
  3 swamp worms (Lair:4)
  2 wargs (Lair:6)
  2 acid dragons
  18 water moccasins
  6 hell hounds (Lair:6)
  A hornet zombie (D:14)
  4 ice beasts
  44 orc warriors
  A sky beast (D:7)
  7 black bears
  5 ogres
  3 necrophages
  29 wolves
  5 boggarts (D:14)
  21 centaurs
  2 phantoms (D:4)
  An elf zombie (Ossuary)
  15 bullfrogs
  3 kobold brigands (D:9)
  3 gnoll sergeants
  A wyvern zombie (D:8)
  A scorpion (Lair:2)
  A water moccasin skeleton (D:7)
  2 troll zombies (D:12)
  25 killer bees (D:11)
  20 wights
  3 howler monkeys
  A bullfrog zombie (D:7)
  13 centaur zombies
  2 hounds (D:5)
  A human zombie (Ossuary)
  21 orc priests
  An iron imp (Gauntlet)
  Jessica (D:2)
  Terence (D:2)
  28 orc wizards
  Ijyb (D:3)
  4 iguanas
  3 hell rats (Lair:1)
  3 ogre zombies (D:12)
  A hound zombie (D:5)
  3 hound skeletons
  6 howler monkey zombies
  Robin (D:3)
  4 mummies
  4 adders
  17 gnolls
  7 river rats (Lair:1)
  A shadow imp (D:5)
  2 white imps
  An ufetubus (D:5)
  An adder zombie (Ossuary)
  2 worms
  100 orcs
  4 bats
  4 endoplasms
  3 giant cockroaches
  15 goblins
  4 hobgoblins (D:3)
  3 jackals (D:1)
  5 quokkas
  6 ball pythons
  4 frilled lizards
  6 goblin zombies
  16 hobgoblin zombies
  A jackal zombie (Ossuary)
  4 kobolds
  8 kobold zombies (Ossuary)
  2 orc skeletons (D:12)
  16 orc zombies
  6 rats
  A rat zombie (Ossuary)
  A bush (Lair:5)
1090 creatures vanquished.

Vanquished Creatures (collateral kills)
  A minotaur (Gauntlet)
  2 hydras (Lair:6)
  A lindwurm (Lair:6)
  5 elephants (Lair:6)
  3 torpor snails (Lair:6)
  A komodo dragon (Lair:2)
  A rime drake (Lair:6)
  3 hornets (Lair:6)
  10 polar bears (Lair:6)
  3 raiju (Lair:6)
  3 blink frogs (Lair:6)
  4 tyrant leeches (Lair:6)
  9 yaks
  2 shadows
  A basilisk (Lair:2)
  4 wargs (Lair:6)
  5 hell hounds (Lair:6)
  5 black bears (Lair:6)
  An ogre (Orc:2)
  4 wolves (Lair:6)
  A phantom (D:12)
  3 ogre zombies (D:12)
  2 gnolls (Orc:2)
  2 orcs
  A goblin zombie (D:12)
  3 orc zombies (D:12)
80 creatures vanquished.

Vanquished Creatures (others)
  A rime drake (IceCv)
  A bloated husk (Swamp:1)
  A polar bear (IceCv)
  43 fungi
  72 plants
  5 withered plants (D:14)
123 creatures vanquished.

Grand Total: 1293 creatures vanquished

Notes
Turn   | Place    | Note
-------+----------+-------------------------------------------
     0 | D:1      | lunkers the Deep Elf Air Elementalist began the quest for
                  | the Orb.
     0 | D:1      | Reached XP level 1. HP: 10/10 MP: 6/6
   358 | D:1      | Reached XP level 2. HP: 15/15 MP: 6/8
   444 | D:1      | Learned a level 2 spell: Static Discharge
  1145 | D:2      | Noticed Terence
  1156 | D:2      | Killed Terence
  1157 | D:2      | Reached skill level 2 in Conjurations
  1157 | D:2      | Reached XP level 3. HP: 1/19 MP: 1/10
  1468 | D:2      | Found a faded altar of an unknown god.
  1510 | D:2      | Found a sparkling altar of Nemelex Xobeh.
  1802 | D:2      | Noticed Jessica
  1805 | D:2      | Killed Jessica
  1806 | D:2      | Reached XP level 4. HP: 24/24 MP: 7/11
  1810 | D:2      | Learned a level 3 spell: Swiftness
  1815 | D:2      | Learned a level 4 spell: Airstrike
  2049 | D:3      | Noticed Sigmund
  2595 | D:4      | Noticed an ogre
  2596 | D:4      | Noticed a phantom
  2607 | D:4      | Killed a phantom
  2608 | D:4      | Reached skill level 3 in Conjurations
  2608 | D:4      | Reached XP level 5. HP: 26/28 MP: 4/13
  2636 | D:4      | Killed an ogre
  2637 | D:4      | Reached skill level 4 in Conjurations
  2824 | D:4      | Reached XP level 6. HP: 21/32 MP: 8/14
  2967 | D:4      | Found a sand-covered staircase.
  3016 | Ossuary  | Entered an ossuary
  3058 | Ossuary  | Reached skill level 5 in Air Magic
  3619 | Ossuary  | Reached skill level 5 in Spellcasting
  4005 | Ossuary  | Reached skill level 5 in Conjurations
  4005 | Ossuary  | Reached XP level 7. HP: 21/36 MP: 0/16
  4253 | Ossuary  | Learned a level 5 spell: Lightning Bolt
  4277 | D:4      | Noticed Grinder
  4592 | D:5      | Entered Level 5 of the Dungeon
  4762 | D:5      | Reached skill level 6 in Conjurations
  4919 | D:5      | Reached XP level 8. HP: 38/41 MP: 8/19
  5396 | D:6      | Found Doumm's Weapon Shoppe.
  5744 | D:6      | Reached skill level 7 in Conjurations
  6468 | D:4      | Killed Grinder
  6957 | D:3      | Noticed Ijyb
  6958 | D:3      | Noticed Robin
  6959 | D:3      | Killed Ijyb
  6978 | D:3      | Killed Robin
  7305 | D:3      | Killed Sigmund
  7306 | D:3      | Reached skill level 8 in Conjurations
  7477 | D:6      | Found a staircase to the Ecumenical Temple.
  7496 | Temple   | Entered the Ecumenical Temple
  7614 | Temple   | Became a worshipper of Vehumet
  7752 | D:6      | Identified the +7 great mace of Defiance {venom, Will+
                  | Str+3}
  7755 | D:6      | Got the Disquisition on Scorching Dislocation
  7786 | D:6      | Reached XP level 9. HP: 46/46 MP: 13/22
  8036 | D:6      | Noticed mojowtm's ghost (amateur TeAE)
  8037 | D:6      | Found a transporter.
  8065 | D:6      | Reached skill level 1 in Fighting
  8075 | D:6      | Found a transporter.
  8953 | D:6      | Found a bloodstained altar of Trog.
  8960 | D:6      | Found a shimmering altar of Xom.
  8967 | D:6      | Found a glowing golden altar of the Shining One.
  8974 | D:6      | Found a glowing silver altar of Zin.
  8982 | D:6      | Found an ornate altar of the Wu Jian Council.
  8989 | D:6      | Found a shadowy altar of Dithmenos.
  8995 | D:6      | Found a sparkling altar of Nemelex Xobeh.
  9205 | D:6      | Noticed a deep elf zephyrmancer
  9208 | D:6      | Killed a deep elf zephyrmancer
  9209 | D:6      | Reached skill level 9 in Conjurations
  9637 | D:7      | Reached * piety under Vehumet
  9637 | D:7      | Offered knowledge of Sandblast by Vehumet.
 10145 | D:7      | Noticed a deep elf pyromancer
 10148 | D:7      | Killed a deep elf pyromancer
 10148 | D:7      | Noticed a troll
 10149 | D:7      | Reached XP level 10. HP: 50/55 MP: 3/24
 10169 | D:7      | Reached skill level 10 in Conjurations
 11297 | D:7      | Learned a level 7 spell: Orb of Destruction
 11580 | D:8      | Reached skill level 10 in Air Magic
 11753 | D:8      | Reached ** piety under Vehumet
 11753 | D:8      | Offered knowledge of Freeze by Vehumet.
 11978 | D:8      | Reached skill level 11 in Conjurations
 12337 | D:8      | Identified the +1 robe of the Lost Path {Str+4}
 12800 | D:9      | Reached skill level 10 in Spellcasting
 13118 | D:9      | Found Etyule's Weapon Shoppe.
 13427 | D:9      | Reached XP level 11. HP: 46/61 MP: 11/27
 14096 | D:9      | Noticed a purple ugly thing
 14125 | D:9      | Killed a purple ugly thing
 14455 | D:10     | Entered Level 10 of the Dungeon
 14536 | D:10     | Found a staircase to the Lair.
 14675 | D:10     | Reached skill level 12 in Conjurations
 14819 | D:10     | Offered knowledge of Inner Flame by Vehumet.
 15320 | D:11     | Reached skill level 5 in Fighting
 15843 | D:11     | Reached *** piety under Vehumet
 16044 | D:11     | Offered knowledge of Hailstorm by Vehumet.
 16217 | D:11     | Found a stormy altar of Qazlal.
 16521 | D:11     | Identified the +6 whip "Vaimas" {vorpal, Will+}
 16628 | Lair:1   | Entered Level 1 of the Lair of Beasts
 16979 | Lair:1   | Reached XP level 12. HP: 68/68 MP: 11/29
 17133 | Lair:1   | Reached skill level 13 in Conjurations
 17822 | Lair:1   | Reached **** piety under Vehumet
 18537 | Lair:2   | Found a frozen archway.
 18586 | IceCv    | Entered an ice cave
 18646 | IceCv    | Offered knowledge of Freezing Cloud by Vehumet.
 18655 | IceCv    | Learned a level 5 spell: Freezing Cloud
 18839 | IceCv    | Identified the ring "Sobbel" {Fly MP+9}
 19459 | IceCv    | Reached skill level 14 in Conjurations
 19812 | IceCv    | Noticed a white draconian
 19812 | IceCv    | Noticed a death yak
 19827 | IceCv    | Killed a death yak
 19829 | IceCv    | Killed a white draconian
 20241 | Lair:2   | Learned a level 4 spell: Summon Lightning Spire
 20301 | Lair:2   | Noticed an eight-headed hydra
 20304 | Lair:2   | Killed an eight-headed hydra
 20305 | Lair:2   | Reached XP level 13. HP: 76/76 MP: 28/31
 20560 | Lair:2   | Noticed Gastronok
 20574 | Lair:2   | Killed Gastronok
 20929 | Lair:2   | Reached skill level 1 in Shields
 21123 | Lair:2   | Reached skill level 15 in Conjurations
 21349 | Lair:2   | Learned a level 7 spell: Spellforged Servitor
 21757 | Lair:3   | Noticed Urug
 21766 | Lair:3   | Killed Urug
 21823 | Lair:3   | Reached skill level 1 in Summonings
 21827 | Lair:3   | Reached ***** piety under Vehumet
 21962 | Lair:3   | Offered knowledge of Yara's Violent Unravelling by Vehumet.
 22084 | Lair:3   | Found a staircase to the Snake Pit.
 22907 | Lair:3   | Noticed Snorg
 22912 | Lair:3   | Killed Snorg
 23917 | Lair:4   | Found a staircase to the Swamp.
 23926 | Lair:4   | HP: 3/78 [tyrant leech (10)]
 24264 | Lair:4   | Reached XP level 14. HP: 83/83 MP: 33/33
 24339 | Lair:4   | Found a gate leading to a gauntlet.
 24350 | Gauntlet | Entered a Gauntlet
 24350 | Gauntlet | Found a transporter.
 24361 | Gauntlet | Found a transporter.
 24382 | Gauntlet | Found a transporter.
 24388 | Gauntlet | Found a transporter.
 24404 | Gauntlet | Found a transporter.
 24423 | Gauntlet | Found a transporter.
 24435 | Gauntlet | Found a transporter.
 24436 | Gauntlet | Noticed a reaper
 24447 | Gauntlet | Found a transporter.
 24467 | Gauntlet | Found a transporter.
 24479 | Gauntlet | Found a transporter.
 24496 | Gauntlet | Found a transporter.
 24513 | Gauntlet | Found a transporter.
 24515 | Gauntlet | Found a transporter.
 24543 | Gauntlet | Found a transporter.
 24543 | Gauntlet | Found a transporter.
 24545 | Gauntlet | Found a transporter.
 24566 | Gauntlet | Found a transporter.
 24567 | Gauntlet | Found a transporter.
 24746 | Gauntlet | Reached skill level 5 in Summonings
 24767 | Gauntlet | Identified the amulet of Luahuaz {rF+ Regen+}
 24832 | Gauntlet | Identified the +10 plate armour of the Lich-sworn {rPois
                  | Dex+3}
 24879 | Gauntlet | Got the Compendium of Clay and the Escort
 25290 | Lair:5   | Found an opulent altar of Gozag.
 26391 | Lair:5   | Reached skill level 16 in Conjurations
 26676 | Lair:6   | Entered Level 6 of the Lair of Beasts
 26750 | Lair:6   | Noticed Nessos
 26754 | Lair:6   | Killed Nessos
 27404 | Lair:6   | Got the Almanac of Stolen Souls and Earth
 27676 | Lair:6   | Found a staircase to the Slime Pits.
 27736 | Lair:6   | Reached skill level 5 in Stealth
 28916 | Lair:6   | Reached ****** piety under Vehumet
 29401 | Lair:6   | Found a runed translucent door.
 29905 | Lair:6   | Offered knowledge of Conjure Ball Lightning by Vehumet.
 29907 | Lair:6   | Reached XP level 15. HP: 77/89 MP: 18/35
 29945 | Lair:6   | Reached skill level 17 in Conjurations
 30599 | D:12     | Learned a level 2 spell: Passwall
 30602 | D:12     | Learned a level 2 spell: Blink
 30676 | D:12     | Found a staircase to the Orcish Mines.
 30752 | D:12     | You are sucked into a shaft and drop 2 floors!
 30857 | D:13     | Found Zienag's Elemental Accessories.
 31231 | D:13     | Found a gate to the Vaults.
 32107 | Orc:1    | Entered Level 1 of the Orcish Mines
 32318 | Orc:1    | Reached skill level 15 in Spellcasting
 32340 | Orc:1    | Learned a level 2 spell: Sublimation of Blood
 32435 | Orc:1    | Offered knowledge of Iron Shot by Vehumet.
 32457 | Orc:1    | Found a flagged portal.
 32467 | Bailey   | Entered a bailey
 33112 | Orc:1    | Reached skill level 1 in Necromancy
 33428 | Orc:2    | Entered Level 2 of the Orcish Mines
 33469 | Orc:2    | Noticed Erolcha
 33478 | Orc:2    | Killed Erolcha
 33731 | Orc:2    | Found Qeelomek's Assorted Antiques.
 33739 | Orc:2    | Bought a potion of heal wounds for 120 gold pieces
 33739 | Orc:2    | Bought a scroll of fear for 84 gold pieces
 33923 | Orc:2    | Noticed Jorgrun
 33936 | Orc:2    | Killed Jorgrun
 34112 | Orc:2    | Offered knowledge of Fireball by Vehumet.
 34283 | Orc:2    | Noticed an orc warlord
 34289 | Orc:2    | Killed an orc warlord
 34368 | Orc:2    | Found a staircase to the Elven Halls.
 34381 | Orc:2    | Noticed an orc warlord
 34390 | Orc:2    | Killed an orc warlord
 34979 | Orc:2    | Found Ebrar's Assorted Antiques.
 35136 | Orc:2    | Found Faedghonk's Antique Armour Shoppe.
 35141 | Orc:2    | Found Cugietod's Antique Weapon Emporium.
 35380 | Orc:2    | Bought a steaming mace for 296 gold pieces
 35380 | Orc:2    | Identified the +5 mace "Uhuryoxa" {flame, rN+++ rCorr Int+3
                  | Stlth-} (You bought it in a shop on level 2 of the Orcish
                  | Mines)
 35537 | Snake:1  | Entered Level 1 of the Snake Pit
 35629 | Snake:1  | Found a flickering gateway to a bazaar.
 35641 | Bazaar   | Entered a bazaar
 35657 | Bazaar   | Found Jeaghoonwa's Weapon Emporium.
 35658 | Bazaar   | Found Zebajosk's Armour Emporium.
 35703 | Bazaar   | Found Sealel's Antique Armour Shoppe.
 35704 | Bazaar   | Found Tuase's Armour Shoppe.
 35739 | Bazaar   | Bought a pair of embroidered gloves for 210 gold pieces
 35773 | Bazaar   | Bought a +1 kite shield of protection for 181 gold pieces
 35931 | Snake:1  | You are sucked into a shaft and drop 1 floor!
 36659 | Snake:1  | Found a white marble altar of Elyvilon.
 36784 | Snake:1  | Noticed Donald
 36796 | Snake:1  | Killed Donald
 36912 | Snake:1  | Reached XP level 16. HP: 89/92 MP: 35/37
 37031 | Snake:1  | Noticed Roxanne
 37043 | Snake:1  | Killed Roxanne
 37418 | Snake:2  | Reached skill level 18 in Conjurations
 38049 | Snake:2  | Reached skill level 5 in Necromancy
 38049 | Snake:2  | Identified a scroll of acquirement
 38050 | Snake:2  | Acquired a book of the Sky
 38522 | Snake:2  | Learned a level 8 spell: Maxwell's Capacitive Coupling
 39109 | Snake:3  | Offered knowledge of Iskenderun's Battlesphere by Vehumet.
 39129 | Snake:3  | Reached skill level 10 in Fighting
 39972 | Snake:3  | Found Kaduimoy's Gadget Gallery.
 40251 | Snake:3  | Found a shimmering blue altar of Sif Muna.
 40255 | Snake:3  | Found a transporter.
 40462 | Snake:4  | Entered Level 4 of the Snake Pit
 40584 | Snake:4  | Found a runed translucent gate.
 40584 | Snake:4  | Found a runed translucent gate.
 40584 | Snake:4  | Found a runed translucent gate.
 40584 | Snake:4  | Found an opulent altar of Gozag.
 40584 | Snake:4  | Noticed Pooter's ghost (adept MiBe)
 40586 | Snake:4  | Found Wulutz's Assorted Antiques.
 41159 | Snake:4  | Reached skill level 15 in Air Magic
 41201 | Snake:4  | Reached XP level 17. HP: 103/103 MP: 12/39
 41322 | Snake:4  | Found Peklorr's Neck Hole.
 41416 | Snake:4  | Offered knowledge of Fireball by Vehumet.
 43518 | Snake:4  | Reached skill level 19 in Conjurations
 43698 | Snake:4  | Got a serpentine rune of Zot
 44023 | Swamp:1  | Entered Level 1 of the Swamp
 44168 | D:13     | Noticed Kirke
 44458 | D:13     | Found a portal to a secret trove of treasure.
 44542 | D:13     | Found a white marble altar of Elyvilon.
 44579 | D:13     | Killed Kirke
 44579 | D:13     | Offered knowledge of Conjure Ball Lightning by Vehumet.
 45634 | D:14     | Reached XP level 18. HP: 110/110 MP: 34/41
 46368 | Vaults:1 | Entered Level 1 of the Vaults
 46611 | Snake:4  | Killed Pooter's ghost
 47262 | Lair:4   | Slain by a ghoul

Illustrated notes

Levels and vault maps discovered:
D:1:      grunt_arrival_crossed_arrows, layout_rooms
D:2:      layout_basic, shapermc_ecumenical_altar_flowoftime, basic_altar,
          serial_curves, eino_curves_03, eino_curves_01, uniq_terence,
          uniq_jessica
D:3:      layout_basic, uniq_sigmund, uniq_ijyb, uniq_robin
D:4:      layout_basic, nicolae_ossuary_entry_false_entrances, uniq_grinder
D:5:      layout_basic
D:6:      layout_gridville, grunt_temple_overflow_octagram,
          minmay_temple_entry_ruins, serial_shops, nicolae_stop_n_shop_1,
          gammafunk_ghost_smash, guppyfry_early_elven_hall
D:7:      minmay_cornered_nines, layout_basic, nrook_campfire,
          hangedman_abyss_or_decor_passed, chequers_jeans
D:8:      layout_basic
D:9:      kennysheep_windowed_halls, layout_loops_ring, serial_shops,
          nicolae_shop_stone, minmay_fountain_box, minmay_holes
D:10:     layout_roguey, lair_entry_dummy
D:11:     layout_loops_cross, special_room [special_room_bee],
          grunt_decor_arrowhead, nicolae_qazlal_general_emergency
D:12:     layout_irregular_city, zombieorc2_lemuel
D:13:     layout_loops_ring, ximxim_vaults_locker_room,
          nicolae_trove_entry_isolated, nicolae_elemental_shop,
          elyvilon_altar_3, uniq_kirke
D:14:     layout_basic, amcnicky_mini_rare_corridor_liquid, serial_undead,
          serial_undead_f, serial_undead_a, serial_undead_c, serial_undead_b
Temple:   regret_index_temple_waves
Lair:1:   layout_roguey, kennysheep_abandoned_house, serial_bayou_shore_b,
          infiniplex_staircase_pool, minmay_lair_oklob_chamber
Lair:2:   layout_regular_city, portal_ice_cave_demonic_guard,
          grunt_megastairs_2, uniq_gastronok
Lair:3:   nzn_winding_woodlands_three_and_one
          [nzn_winding_woodlands_5x15_parted, nzn_winding_woodlands_5x15_eye,
          nzn_winding_woodlands_5x15_split_checker,
          nzn_winding_woodlands_center_triple_pond], layout_gridlike,
          minmay_snake_entry_six_corridors, st_stairs_3, uniq_urug, uniq_snorg
Lair:4:   layout_hall_layers, minmay_swamp_entry_worms, gauntlet_entry_generic
Lair:5:   layout_concentric_octagons, lemuel_centaur_altar
Lair:6:   wormcave, layout_regular_city, hangedman_lair_caniforms_friends,
          minmay_slime_entry_oklob_open, nzn_sisyphean_effort, uniq_nessos
Swamp:1:  layout_basic_swamp, evilmike_swamp_ruin_house_6
Snake:1:  layout_grid_shapes, basic_altar, serial_shops, bzr_entry_water,
          uniq_donald, uniq_roxanne
Snake:2:  layout_layer_cave, nicolae_snake_gridmaze_waves
Snake:3:  gammafunk_sealed_library, layout_onion, grunt_ministairs_9,
          nicolae_shop_gadgets, serial_bayou_shore_b, lemuel_fruit_tree
Snake:4:  johnstein_snake_rune_scales, layout_cave_town, ebering_ghost_gozag,
          nicolae_shop_sticking_my_neck_out
Orc:1:    layout_diamond_mine, enter_bailey_3
Orc:2:    grunt_orc_community_town_hall, layout_caves,
          grunt_orc_community_big_house_1, grunt_orc_community_big_house_1,
          grunt_orc_community_house_1, grunt_orc_community_house_1,
          grunt_orc_community_house_1, grunt_orc_community_house_3,
          uniq_jorgrun, uniq_erolcha
Vaults:1: ebering_vaults_ghost_inner_flame, ontoclasm_vaults_decontamination,
          grunt_vaults_trifunnel, nicolae_vaults_little_squares_1,
          grunt_vaults_focal, ontoclasm_vaults_shout, v_rooms_5,
          vaults_dpeg_cross, nicolae_vaults_hallways_thing,
          nicolae_vaults_yaktaur_gun_rack, nicolae_vaults_little_squares_5,
          layout_vaults_chaotic_city, uniq_asterion

Skill      XL: |  1  2  3  4  5  6  7  8  9 10 11 12 13 14 15 16 17 |
---------------+----------------------------------------------------+-----
Conjurations   | 2 3 4 5 6 8 9 11 12 14 15 16 17 18 19 | 19.4
Air Magic      | 4 5 6 8 9 10 11 12 13 15 16 | 16.6
Spellcasting   | 4 5 6 7 8 10 11 12 13 14 15 16 17 | 17.8
Fighting       | 2 4 5 7 8 9 10 11 | 11.4
Shields        | 3 4 |  4.0
Summonings     | 4 6 |  6.0
Stealth        | 6 8 |  8.0
Necromancy     | 4 6 |  6.0
Dodging        | |  2.4

Action                   |  1- 3 |  4- 6 |  7- 9 | 10-12 | 13-15 | 16-18 || total
-------------------------+-------+-------+-------+-------+-------+-------++-------
Melee: Unarmed           |     5 |    12 |     7 |       |       |       ||    24
       Dagger            |       |       |       |    13 |       |       ||    13
       Staff             |       |       |       |    27 |   121 |    16 ||   164
 Cast: Shock             |    52 |    93 |    90 |       |       |       ||   235
       Static Discharge  |     2 |    24 |    26 |    95 |    98 |    12 ||   257
       Airstrike         |       |       |   102 |   207 |   396 |   180 ||   885
       Lightning Bolt    |       |       |     2 |    46 |    19 |       ||    67
       Orb of Destructio |       |       |       |     8 |    81 |   180 ||   269
       Summon Lightning  |       |       |       |     2 |    15 |       ||    17
       Freezing Cloud    |       |       |       |       |   114 |    52 ||   166
       Spellforged Servi |       |       |       |       |    26 |     2 ||    28
       Swiftness         |       |       |       |       |     1 |       ||     1
       Sublimation of Bl |       |       |       |       |    14 |    49 ||    63
       Maxwell's Capacit |       |       |       |       |       |    43 ||    43
       Blink             |       |       |       |       |       |     2 ||     2
Evoke: Wand              |       |     5 |     1 |     2 |     1 |     4 ||    13
  Use: Scroll            |       |       |    18 |    12 |     5 |    13 ||    48
       Potion            |       |       |       |       |       |     1 ||     1
 Stab: Sleeping          |       |     1 |       |       |       |       ||     1
       Paralysed         |       |       |       |       |       |     5 ||     5
Armor: Robe              |     5 |     6 |     8 |       |       |       ||    19
       Animal skin       |       |       |     4 |    31 |       |       ||    35
       Steam dragon scal |       |       |       |    44 |   194 |   128 ||   366
Dodge: Dodged            |    14 |    23 |    52 |   115 |   211 |   142 ||   557
Block: Buckler           |       |       |       |       |    78 |    73 ||   151

Table legend: (Time is in decaauts)
 A = Elapsed time spent in this place.
 B = Non-inter-level travel time spent in this place.
 C = Inter-level travel time spent in this place.
 D = Time resting spent in this place.
 E = Time spent auto-exploring this place.
 F = Levels seen in this place.
 G = Mean time per level.
                   A        B        C        D        E       F      G
               +--------+--------+--------+--------+--------+-----+--------+
         Total |  47367 |  45462 |   1905 |   7305 |  30036 |  34 | 1393.1 |
       Dungeon |  19499 |  18579 |    920 |   3036 |  13180 |  14 | 1392.8 |
        Temple |    139 |    103 |     36 |      0 |    102 |   1 |  139.0 |
          Lair |  12138 |  11600 |    538 |   1462 |   8421 |   6 | 2023.0 |
         Swamp |     12 |     12 |      0 |      0 |      0 |   1 |   12.0 |
     Snake Pit |   8689 |   8457 |    232 |   1472 |   4993 |   4 | 2172.2 |
  Orcish Mines |   2754 |   2577 |    177 |    196 |   1642 |   2 | 1377.0 |
        Vaults |     28 |     28 |      0 |      0 |     19 |   1 |   28.0 |
        Bazaar |    194 |    194 |      0 |      0 |     85 |   1 |  194.0 |
       Ossuary |   1247 |   1247 |      0 |    537 |    501 |   1 | 1247.0 |
        Bailey |    591 |    591 |      0 |     48 |    237 |   1 |  591.0 |
      Ice Cave |   1462 |   1462 |      0 |    436 |    762 |   1 | 1462.0 |
      Gauntlet |    608 |    608 |      0 |    118 |     94 |   1 |  608.0 |
               +--------+--------+--------+--------+--------+-----+--------+

Top non-repeatable levels by time:
  Lair:6: 3545 daAuts
 Snake:4: 3484 daAuts
  Lair:3: 2517 daAuts
     D:6: 2332 daAuts
     D:7: 2263 daAuts
 Snake:2: 2092 daAuts
  Lair:2: 2036 daAuts
   Orc:2: 1861 daAuts
  Lair:1: 1809 daAuts
     D:9: 1794 daAuts
 Snake:3: 1675 daAuts
     D:4: 1535 daAuts
    D:13: 1527 daAuts
  Lair:5: 1474 daAuts
    D:12: 1465 daAuts
